Map: [ESL] Babylon

Players

Creator

  • Race: Protoss Protoss
  • Spawn Location: 11:00

HeroMarine - Winner!

  • Race: Terran Terran
  • Spawn Location: 5:00

Event: ESL SC2 Masters 2023 Summer (Finals)

VOD

Have the link to the VOD?

Description

Time

  • Played on: June 17, 2023, 5:18 a.m.
  • Length: 9:07

All games in this series

Show
View Real Time Build Order
Export as new Build Order

Creator Protoss 

Build Orders: 1 Gate Expand, Blink Stalkers, Zealot Archon 

Get SALT Encoding   

  12  0:00  Probe  
  13  0:12  Probe  
  14  0:17  Pylon  
  14  0:24  Probe (Chrono Boost)  
  15  0:36  Probe (Chrono Boost)  
  15  0:37  Gateway  
  16  0:44  Probe (Chrono Boost)  
  16  0:47  Assimilator  
  17  0:51  Probe  
  18  1:03  Probe  
  19  1:15  Probe  
  20  1:24  Cybernetics Core  
  20  1:32  Nexus  
  20  1:40  Pylon  
  20  1:42  Probe  
  20  1:46  Assimilator  
  21  1:55  Probe  
  21  1:58  Adept (Chrono Boost)  
  21  2:01  Warp Gate  
  24  2:07  Probe  
  25  2:18  Adept (Chrono Boost)  
  25  2:19  Probe  
  28  2:27  Twilight Council  
  28  2:31  Probe  
  29  2:40  Stalker  
  33  2:44  Probe (Chrono Boost)  
  33  2:48  Probe (Chrono Boost)  
  33  2:54  Probe (Chrono Boost)  
  33  2:57  Probe (Chrono Boost)  
  35  2:58  Blink (Chrono Boost)  
  35  2:59  Probe (Chrono Boost)  
  36  3:07  Probe  
  36  3:10  Probe  
  36  3:12  Gateway  
  38  3:17  Gateway  
  38  3:20  Probe  
  38  3:22  Probe  
  40  3:30  Robotics Facility  
  40  3:39  Probe x2  
  38  3:48  Stalker  
  38  3:51  Probe x2  
  41  4:01  Pylon  
  41  4:03  Probe  
  41  4:04  Probe  
  41  4:06  Assimilator  
  41  4:08  Pylon, Assimilator  
  43  4:10  Stalker  
  43  4:16  Probe  
  46  4:20  Probe, Observer (Chrono Boost)  
  46  4:23  Stalker  
  50  4:28  Probe  
  51  4:32  Probe  
  51  4:33  Warp Prism (Chrono Boost)  
  51  4:35  Stalker  
  56  4:40  Probe, Shield Battery  
  56  4:45  Probe  
  58  4:46  Shield Battery  
  58  4:51  Pylon  
  58  4:55  Stalker  
  58  4:56  Probe  
  58  4:57  Probe  
  62  5:02  Pylon  
  62  5:09  Templar Archives  
  62  5:22  Nexus  
  62  5:25  Probe x2  
  64  5:31  Pylon  
  64  5:37  Probe x2  
  64  5:38  Pylon  
  66  5:47  High Templar  
  66  5:48  High Templar  
  66  5:49  Psionic Storm  
  70  5:56  Probe x2  
  72  6:01  Charge (Chrono Boost)  
  72  6:02  Gateway  
  72  6:03  Gateway  
  72  6:05  Gateway  
  72  6:09  Immortal (Chrono Boost)  
  76  6:14  Shield Battery  
  76  6:15  Probe  
  77  6:20  Probe  
  77  6:23  High Templar x2  
  77  6:24  Zealot  
  84  6:28  Probe  
  84  6:32  Probe  
  86  6:33  Archon  
  86  6:36  Probe  
  86  6:37  Forge  
  87  6:42  Immortal (Chrono Boost)  
  87  6:44  Probe  
  87  6:45  Probe  
  93  6:48  Probe  
  93  6:54  High Templar  
  95  6:57  Stalker  
  95  7:00  Probe x2  
  95  7:01  Probe  
  99  7:02  Pylon  
  99  7:05  Zealot, Stalker  
  99  7:06  Protoss Ground Weapons Level 1 (Chrono Boost)  
  102  7:18  Stalker x2  
  102  7:22  Stalker  
  102  7:26  Probe x2  
  102  7:27  Probe  
  103  7:31  Immortal (Chrono Boost)  
  103  7:32  Zealot x3  
  113  7:39  Pylon  
  110  7:46  Photon Cannon  
  97  7:55  Stalker x2  
  81  7:59  Stalker x2  
  81  8:01  Warp Prism (Chrono Boost)  
  71  8:07  Zealot x2  
  71  8:11  Probe x3  
  74  8:21  High Templar x2  
  74  8:27  Zealot, Stalker  
  74  8:28  Shield Battery  
  81  8:36  Zealot x2  
  82  8:49  Zealot  
  76  8:55  Zealot  
  76  8:56  Zealot  
Show
View Real Time Build Order
Export as new Build Order

HeroMarine Terran - Winner!

Build Orders:  

Get SALT Encoding   

  12  0:00  SCV  
  13  0:12  SCV  
  14  0:17  Supply Depot  
  14  0:24  SCV  
  15  0:38  SCV  
  15  0:40  Barracks  
  16  0:43  Refinery  
  16  0:50  SCV  
  16  0:55  Refinery  
  17  1:02  SCV  
  18  1:14  SCV  
  19  1:26  Reaper  
  19  1:27  Orbital Command  
  19  1:29  Supply Depot  
  20  1:42  Factory  
  20  1:52  SCV  
  21  1:59  Barracks Reactor  
  21  2:04  SCV  
  22  2:16  SCV  
  22  2:21  Command Center  
  23  2:27  Hellion  
  23  2:28  SCV  
  26  2:35  Reaper x2  
  28  2:39  Supply Depot  
  28  2:41  SCV  
  29  2:48  Hellion  
  31  2:57  Starport  
  31  3:01  SCV  
  32  3:10  Marine, Factory Tech Lab, Reaper  
  34  3:13  SCV  
  35  3:23  Barracks  
  35  3:25  SCV  
  36  3:28  Marine  
  36  3:33  Starport Tech Lab  
  37  3:38  SCV, Siege Tank  
  39  3:42  Marine  
  39  3:46  Marine  
  38  3:56  SCV  
  38  4:00  Marine  
  38  4:02  Raven  
  40  4:04  Marine  
  40  4:08  SCV  
  42  4:14  Orbital Command  
  42  4:18  Marine  
  42  4:20  SCV  
  42  4:21  Stimpack, Marine  
  42  4:22  Marine  
  46  4:32  SCV  
  46  4:36  Barracks, Marine  
  48  4:39  Marine x2  
  48  4:40  SCV  
  48  4:44  SCV  
  52  4:48  Supply Depot  
  52  4:53  SCV, Marine  
  52  4:55  Engineering Bay  
  52  4:58  Starport Reactor  
  54  5:04  Supply Depot  
  54  5:10  Marine, Marauder, SCV x2  
  54  5:11  Marine  
  59  5:15  Bunker  
  58  5:22  Terran Infantry Weapons Level 1, Bunker, SCV x2  
  58  5:27  Marine, Siege Tank  
  64  5:32  Supply Depot  
  64  5:33  Marine  
  64  5:34  Marine, SCV x2  
  68  5:35  Marine  
  69  5:46  SCV  
  69  5:48  Refinery  
  70  5:50  Marine  
  70  5:51  Marine, Medivac  
  70  5:52  SCV  
  70  5:53  Marine  
  74  5:58  SCV  
  74  6:03  Marine  
  77  6:04  SCV, Refinery  
  77  6:08  Marine, Medivac  
  77  6:10  SCV  
  81  6:11  Marine x2  
  83  6:20  Combat Shield  
  83  6:21  Marine, Supply Depot  
  83  6:23  Factory Reactor  
  84  6:26  Marine, SCV  
  86  6:35  Supply Depot x2  
  86  6:39  Supply Depot  
  86  6:42  SCV, Medivac  
  86  6:43  SCV, Medivac  
  91  6:48  Marauder  
  91  6:53  Marine  
  94  6:56  Marine, SCV x2  
  94  6:57  Marauder  
  99  7:07  Widow Mine, Concussive Shells  
  101  7:09  Marauder  
  101  7:11  Marine  
  101  7:12  Medivac  
  101  7:14  Widow Mine, Marine  
  106  7:18  Marauder  
  107  7:28  Widow Mine, Marine  
  108  7:30  Marine  
  108  7:32  Command Center, Supply Depot  
  108  7:33  SCV x2  
  111  7:39  Marine  
  111  7:40  Widow Mine, Marauder  
  116  7:46  Medivac  
  116  7:50  SCV  
  116  7:51  Marine, SCV  
  108  7:59  Marine, Marauder  
  108  8:01  Marauder  
  108  8:02  SCV  
  108  8:03  SCV  
  108  8:04  Widow Mine x2  
  113  8:08  Marine, Medivac  
  111  8:16  Medivac  
  110  8:20  Marauder  
  110  8:24  Marauder, Marine  
  110  8:26  Barracks, Marine  
  114  8:27  SCV x2  
  114  8:28  Barracks  
  114  8:32  Widow Mine x2  
  119  8:36  Armory  
  121  8:42  Marauder  
  121  8:44  SCV x2  
  121  8:45  Marauder  
Tags
 
Add a new tag
Caveats
  • Supply blocks, unpowered buildings, or Contaminate may cause inaccurate times.
  • Supply counts are checked every 10 seconds.